 Dungeon Crawl Stone Soup version 0.13-a0-1536-gedae9ec (webtiles) character file.

208 Kae the Chiller (level 4, -3/24 HPs)
             Began as a Deep Elf Ice Elementalist on June 9, 2013.
             Slain by a gnoll
             ... wielding a +0,+0 halberd
              (7 damage)
             ... on Level 2 of the Dungeon.
             The game lasted 00:02:40 (1632 turns).

Kae the Chiller (Deep Elf Ice Elementalist)         Turns: 1632, Time: 00:02:40

HP  -3/24        AC  2     Str  6      XL: 4   Next: 27%
MP   1/13        EV 13     Int 20      God:
Gold 122         SH  0     Dex 15      Spells:  2 memorised,  7 levels left

Res.Fire  : + . .   See Invis. : .   p - staff of fire
Res.Cold  : . . .   Warding    : .   a - +0 elf robe
Life Prot.: . . .   Conserve   : .   (no shield)
Res.Poison: .       Res.Corr.  : .   (no helmet)
Res.Elec. : .       Clarity    : .   (no cloak)
Sust.Abil.: . .     Spirit.Shd : .   (no gloves)
Res.Mut.  : .       Stasis     : .   (no boots)
Res.Rott. : .       Flight     : .   (no amulet)
Saprovore : . . .                    (no ring)
                                     (no ring)

@: slightly resistant to hostile enchantments, fairly stealthy
A: no striking features
a: no special abilities


You were on level 2 of the Dungeon.
You were not hungry.

You visited 1 branch of the dungeon, and saw 2 of its levels.

You collected 102 gold pieces.

Inventory:

Missiles
 m - 28 darts (quivered)
Armour
 a - a +0 elven robe (worn)
Comestibles
 c - a bread ration
 g - a pear
 j - a meat ration
Scrolls
 d - a scroll of enchant weapon I {unknown}
 e - a scroll of identify {unknown}
 f - a scroll of enchant armour {unknown}
 h - 2 scrolls of blinking {unknown}
 l - a scroll of curse weapon {unknown}
 o - a scroll of teleportation {unknown}
 s - a scroll of recharging {unknown}
Jewellery
 q - a +3 ring of evasion {unknown}
Potions
 i - a potion of paralysis {unknown}
 k - 2 potions of heal wounds {unknown}
 n - a potion of agility {unknown}
 r - a potion of restore abilities {unknown}
Books
 b - a book of Frost

   Spells                             Type                      Level
   *Freeze                            Ice                          1
   *Throw Frost                       Conjuration/Ice              2
   Ozocubu's Armour                   Charms/Ice                   3
   Throw Icicle                       Conjuration/Ice              4
   Summon Ice Beast                   Ice/Summoning                4
   Condensation Shield                Ice                          4
Magical staves
 p - an uncursed staff of fire (weapon)


   Skills:
 - Level 2.4 Dodging
 - Level 2.4 Stealth
 + Level 3.7 Spellcasting
 - Level 1.1 Conjurations
 * Level 4.8 Ice Magic


You had 7 spell levels left.
You knew the following spells:

 Your Spells              Type           Power        Failure   Level  Hunger
a - Freeze                Ice            ##..         1%          1    None
b - Throw Frost           Conj/Ice       #.....       10%         2    #......


Dungeon Overview and Level Annotations

Branches:
Dungeon (2/27)

Altars:
Yredelemnul


Message History

You feel a numb sensation.
You freeze the gnoll.
You kill the gnoll!
The gnoll hits you from afar with a halberd!
Ouch! That really hurt!
* * * LOW HITPOINT WARNING * * *
Casting: Freeze
Confirm with . or Enter, or press ? or * to list all spells.
Aiming: Throw Frost
Press: ? - help, Shift-Dir - straight line, f - gnoll
Aim: a gnoll, wielding a halberd You feel a numb sensation.
You miscast Throw Frost.
Nothing appears to happen.
The gnoll completely misses you.
Casting: Throw Frost
Confirm with . or Enter, or press ? or * to list all spells.
Aiming: Throw Frost
Press: ? - help, Shift-Dir - straight line, f/p - gnoll
Aim: a gnoll, wielding a halberd You feel a numb sensation.
The puff of frost misses the gnoll.
The gnoll hits you from afar with a halberd!
You die...

#g #.# # # ###. ....# ..... ...
..#.### #. #.##..... #. #..#.#.#
#. ######## #......## ##.
.......####### ####....# #>.
######......##.#####....# #..
######.##..@.g$....# #..
###########.#########...# #..
<.....%..##.# #...# #.#
......##.##.#########...#######.#
......##.##...#..........<.......
.......#.........................
.......#...#.....................
.......#..)......####...#######..
.................# #...# ##.


You could see a gnoll.

Vanquished Creatures
  2 gnolls (D:2)
  3 adders (D:2)
  A giant gecko (D:2)
  4 ball pythons
  6 goblins
  4 hobgoblins
  7 jackals
  A bat (D:2)
  A giant cockroach (D:1)
  2 giant newts
  4 kobolds (D:2)
  5 rats
40 creatures vanquished.

Notes
Turn   | Place    | Note
--------------------------------------------------------------
     0 | D:1      | Kae, the Deep Elf Ice Elementalist, began the quest for the Orb.
     0 | D:1      | Reached XP level 1. HP: 10/10 MP: 4/4
    98 | D:1      | Reached XP level 2. HP: 10/15 MP: 1/7
   432 | D:1      | Learned a level 2 spell: Throw Frost
   784 | D:2      | Found a basalt altar of Yredelemnul.
   823 | D:2      | Reached skill level 4 in Ice Magic
   939 | D:2      | Reached XP level 3. HP: 13/19 MP: 8/10
  1620 | D:2      | Reached XP level 4. HP: 18/24 MP: 5/13
  1632 | D:2      | Slain by a gnoll

Action                   |  1- 3 |  4- 6 || total
-------------------------+-------+-------++-------
Melee: Unarmed           |    28 |       ||    28
       Staff             |     8 |     3 ||    11
Throw: Dart              |     3 |       ||     3
 Cast: Freeze            |    50 |     2 ||    52
       Throw Frost       |     4 |     1 ||     5
 Stab: Sleeping          |     2 |       ||     2
